 Dungeon Crawl Stone Soup version 0.28.0-53-g5a82cb258f (webtiles) character file.

Game seed: 16563402560285218470

263676 cbfl8 the Peltast (level 19, -11/181 HPs)
             Began as a Minotaur Berserker on July 12, 2022.
             Was a Priest of Trog.
             Mangled by royokou's ghost (12 damage)
             ... on level 1 of the Vaults on July 13, 2022.
             The game lasted 02:37:45 (75364 turns).

cbfl8 the Peltast (Minotaur Berserker)             Turns: 75364, Time: 02:37:46

Health: -11/181    AC: 26    Str: 24    XL:     19   Next: 25%
Magic:  6/6        EV: 18    Int:  4    God:    Trog [***...]
Gold:   830        SH:  0    Dex: 19    Spells: 18/18 levels left

rFire   . . .      SeeInvis .   K - +2 glaive (antimagic)
rCold   . . .      Faith    .   (shield currently unavailable)
rNeg    . . .      Spirit   .   W - +5 scale mail of Negligence {Dex+3}
rPois   +          Reflect  .   (helmet restricted)
rElec   .          Harm     .   J - +2 cloak
rCorr   .          Rampage  .   A - +2 pair of gloves
Will    +....                   D - +1 pair of boots
Stlth   ++........              (no amulet)
HPRegen 0.40/turn               Y - +4 ring of slaying
MPRegen 0.10/turn               U - ring of poison resistance

@: no status effects
A: horns 2, retaliatory headbutt
}: 2/15 runes: decaying, serpentine
a: Renounce Religion, Berserk, Trog's Hand


You were on level 1 of the Vaults.
You worshipped Trog.
Trog was most pleased with you.
You visited 7 branches of the dungeon, and saw 34 of its levels.
You visited 1 bazaar.
You also visited: Ossuary, Bailey and Ice Cave.

You collected 2888 gold pieces.
You spent 2058 gold pieces at shops.

Inventory:

Hand Weapons
 p - the +11 dagger of Distraction {drain, rF+ Int+2 Dex+2}
   (You found it on level 2 of the Dungeon)

   A truly terrible weapon, it drains the life of any living foe it strikes.
   Int:       It affects your intelligence (+2).
   Dex:       It affects your dexterity (+2).
   rF:        It protects you from fire.
 v - a +3 vorpal broad axe
 K - a +2 antimagic glaive (weapon)
 O - a +6 battleaxe of flaming
Missiles
 b - a throwing net (quivered)
Armour
 k - a +6 tower shield
 A - a +2 pair of gloves (worn)
 D - a +1 pair of boots (worn)
 J - a +2 cloak (worn)
 W - the +5 scale mail of Negligence (worn) {Dex+3}
   (You found it on level 5 of the Lair of Beasts)

   Dex:       It affects your dexterity (+3).
 Z - +0 swamp dragon scales
Jewellery
 g - a ring of flight
 h - a ring of positive energy
 m - a +4 ring of evasion
 q - a ring of protection from cold
 w - a +4 ring of protection
 C - a ring of fire
 U - a ring of poison resistance (right hand)
 Y - a +4 ring of slaying (left hand)
Wands
 e - a wand of flame (63)
 n - a wand of iceblast (18)
 u - a wand of charming (5)
 G - a wand of polymorph (36)
 H - a wand of acid (13)
 T - a wand of digging (16)
Scrolls
 l - 2 scrolls of noise
 o - 5 scrolls of vulnerability
 r - 9 scrolls of immolation
 B - 6 scrolls of fog
 E - 2 scrolls of acquirement
 I - 6 scrolls of magic mapping
 L - 3 scrolls of fear
 Q - 4 scrolls of teleportation
 X - 2 scrolls of torment
Potions
 a - a potion of might
 c - 6 potions of lignification
 i - 3 potions of ambrosia
 j - a potion of experience
 s - 3 potions of attraction
 t - 3 potions of haste
 z - 8 potions of mutation
 F - 16 potions of curing
 M - 2 potions of resistance
 N - 4 potions of invisibility
 R - 5 potions of magic
 S - a potion of cancellation
Miscellaneous
 d - a piece from Xom's chessboard (15/15)
 y - a phial of floods
 P - a tin of tremorstones (2/2)
 V - a phial of floods


   Skills:
 * Level 18.9 Fighting
 - Level 9.8(10.1) Short Blades
 + Level 3.7(7.8) Long Blades
 + Level 13.9(14.3) Axes
 + Level 2.9(9.5) Maces & Flails
 + Level 4.6(10.2) Polearms
 + Level 17.9 Armour
 + Level 12.0 Dodging
 + Level 5.1 Stealth
 + Level 20.5 Shields
 + Level 1.4 Unarmed Combat
 * Level 6.1 Evocations


You had 18 spell levels left.
You didn't know any spells.
Your spell library was empty.

Dungeon Overview and Level Annotations

Branches:
Dungeon (15/15)            Temple (1/1) D:6            Lair (6/6) D:9
  Swamp (4/4) Lair:4        Snake (4/4) Lair:4        Slime (0/5) Lair:5
    Orc (2/2) D:10            Elf (0/3) Orc:2        Vaults (2/5) D:13
  Crypt (0/3) Vaults:2     Depths (0/4) D:15        Ossuary (visited)
 Bailey (visited)           IceCv (visited)

Altars:
Ashenzari
Cheibriados
Dithmenos
Elyvilon
Fedhas
Gozag
Hepliaklqana
Kikubaaqudgha
Makhleb
Nemelex Xobeh
Okawaru
Qazlal
Ru
Sif Muna
Trog
Uskayaw
Vehumet
Wu Jian
Yredelemnul
Zin
The Shining One
Beogh

Shops:
D:4 [   D:8 (   D:11 (   Orc:2 [(:(   Snake:1 ((**   Snake:2 **   Snake:4 (

Annotations:
Lair:6 1 runed translucent door
Vaults:1 Adoajy's ghost, adept DsWr; Kipt's ghost, adept SpFE; Xafer's ghost, adept DsGl; christhawk's ghost, adept MiHu; garrulousMonolith's ghost, veteran GnFi; royokou's ghost, veteran MiFi


Innate Abilities, Weirdness & Mutations

You have a pair of horns on your head.
You reflexively headbutt those who attack you in melee.


Message History

You swap places.
Your centaur warrior dissolves into shadows!
You start resting.
Royokou's ghost is nearby!
Royokou's ghost is nearby!
Royokou's ghost casts a spell.
Royokou's ghost blinks!
Royokou's ghost mumbles some strange words.
Royokou's ghost blinks!
You are too injured to fight recklessly!
You can't wield that with only one hand.
Royokou's ghost gestures wildly while chanting.
Royokou's ghost blinks!
You start removing your armour.
You continue taking off your +6 tower shield. x4
You finish taking off your +6 tower shield.
You feel magic leave you.
K - a +2 antimagic glaive (weapon)
Royokou's ghost gestures wildly while chanting.
Royokou's ghost blinks!
You are too injured to fight recklessly!
Royokou's ghost mumbles some strange words.
Royokou's ghost blinks!
Royokou's ghost mumbles some strange words.
Royokou's ghost blinks!
You hit royokou's ghost but do no damage.
You headbutt royokou's ghost, but do no damage.
Royokou's ghost is heavily damaged.
Royokou's ghost hits you!
You closely miss royokou's ghost.
You headbutt royokou's ghost, but do no damage.
Royokou's ghost is heavily damaged.
Royokou's ghost hits you but does no damage.
You barely miss royokou's ghost. You headbutt royokou's ghost.
Royokou's ghost is severely damaged.
Royokou's ghost hits you!!
* * * LOW HITPOINT WARNING * * *
x2 Royokou's ghost hits you!!
* * * LOW HITPOINT WARNING * * *
You die...

,*,,,,,#...##.##...#
,*,,,,,#...##.##...#
,*,,,,,##########'##
,*,,,,,* ####...# ,*,,,,,*
#......# ,*,,,,,* #......#
,*,,,,,*#######...#
**,,,,,*#.....#...#
#.....##..)..'.@.########
#.....##..####.W.'......#
#.....#...'.....##......#
##.....#...#.....##.....^#
.......#...########......#
.......#......# #......#
.......#......# #......#
.......'...#### ######'##
.......##### #......#


You could see royokou's ghost.

Vanquished Creatures
  Bai Suzhen (Snake:4)
  Nikola (Snake:1)
  The ghost of abarbat the Executioner, an adept MiBe of Trog (Vaults:1)
  A lich (Vaults:1)
  A tentacled monstrosity (Swamp:4)
  The ghost of Wueresid the Spry, an adept DEWz of Sif Muna (Vaults:1)
  A thorn hunter (Swamp:2)
  5 nagarajas (Snake:4)
  The ghost of turdburglar the Nimble, an adept GnGl of Hepliaklqana (Snake:4)
  Kirke (Swamp:1)
  A vault warden (Vaults:1)
  An orc warlord (Orc:2)
  Louise (Swamp:3)
  Aizul (Snake:4)
  4 ghouls (Swamp:1)
  3 very ugly things
  2 ironbound preservers (D:13)
  An ironbound thunderhulk (D:13)
  5 bunyips
  7 eleionomae
  An ettin (Vaults:1)
  Snorg (D:10)
  A deep elf high priest (Vaults:1)
  2 green deaths (Swamp:4)
  A shambling mangrove (Swamp:2)
  A great orb of eyes (Swamp:4)
  A salamander tyrant (Snake:2)
  2 yaktaur captains (Vaults:1)
  17 hydras
  A spriggan air mage (Swamp:4)
  3 alligators
  12 naga warriors
  3 boulder beetles
  2 hell beasts (Swamp:4)
  10 anacondas
  8 centaur warriors
  2 dancing weapons (D:13)
  3 two-headed ogres
  6 naga sharpshooters
  Sonja (D:13)
  2 orc high priests
  Urug (D:13)
  3 shock serpents
  5 skeletal warriors (D:12)
  A death drake (Swamp:1)
  2 salamander mystics
  6 swamp dragons
  3 sea snakes (Snake:2)
  5 bog bodies
  6 deep trolls
  2 spriggan druids
  8 goliath frogs
  8 naga ritualists
  3 wizards
  5 deep elf pyromancers
  Pikel (D:7)
  2 lindwurms
  A necromancer (D:15)
  27 ugly things
  2 ironbound convokers (Vaults:1)
  3 mana vipers
  5 orc sorcerers
  8 orc knights
  4 manticores
  2 oklob plants
  2 will-o-the-wisps (Swamp:4)
  4 elephants (Lair:6)
  10 salamanders
  A cyclops (D:14)
  5 torpor snails (Lair:6)
  A guardian serpent (shapeshifter) (D:13)
  3 vault sentinels (Vaults:1)
  4 guardian serpents (Snake:4)
  2 water nymphs (Swamp:3)
  25 black mambas
  A gargoyle (D:14)
  9 cane toads
  18 naga magi
  2 orange demons (Swamp:4)
  An unseen horror (D:12)
  9 yaktaurs (Vaults:1)
  8 komodo dragons
  An efreet (D:11)
  3 spectral nagas (Snake:3)
  3 polar bears
  5 trolls
  18 tyrant leeches
  11 hornets
  14 slime creatures
  A harpy skeleton (D:15)
  7 dream sheep
  13 blink frogs
  A centaur simulacrum (D:15)
  3 spriggans
  6 wyverns
  4 wraiths
  A vampire (D:12)
  3 water elementals (D:15)
  A shock serpent simulacrum (Snake:3)
  58 yaks
  4 shadows
  A fire elemental (D:12)
  8 basilisks
  A hog (Swamp:1)
  2 steam dragons (D:8)
  Menkaure (D:7)
  A large abomination (Swamp:4)
  13 vampire mosquitoes
  9 swamp worms
  5 wargs
  32 nagas
  Edmund (D:4)
  2 acid dragons
  17 water moccasins
  5 swamp drakes
  A meliai simulacrum (D:14)
  2 necrophages
  3 ogres
  4 black bears
  A black mamba simulacrum (Snake:3)
  A tengu (shapeshifter) (D:15)
  44 orc warriors
  13 wolves
  4 boggarts (Vaults:1)
  2 centaurs (D:6)
  5 scorpions
  An earth elemental (D:12)
  15 bullfrogs
  A gnoll sergeant (D:6)
  A two-headed ogre simulacrum (IceCv)
  A water moccasin zombie (D:6)
  A wyvern zombie (D:8)
  A naga simulacrum (Snake:3)
  10 killer bees
  9 wights
  A howler monkey (D:4)
  3 electric eels
  A crimson imp (D:4)
  3 centaur zombies
  A hound (D:6)
  4 jellies
  25 orc priests
  A bullfrog skeleton (D:6)
  Crazy Yiuf (D:5)
  6 centaur skeletons
  2 gnoll shamans
  Natasha (thrice) (D:3)
  2 iguanas
  18 orc wizards
  4 wolf simulacra (IceCv)
  A killer bee zombie (D:9)
  A hound skeleton (D:4)
  Robin (D:3)
  22 gnolls
  A howler monkey skeleton (D:7)
  8 adders
  A white imp (D:7)
  An ufetubus (D:5)
  2 adder skeletons (D:4)
  A worm (D:2)
  3 dart slugs
  135 orcs
  14 ball pythons
  7 bats
  7 endoplasms
  4 giant cockroaches
  15 goblins
  11 hobgoblins
  7 kobolds
  A quokka (D:1)
  3 training dummies (D:11)
  A ball python skeleton (Ossuary)
  6 frilled lizards
  A hobgoblin skeleton (Ossuary)
  2 hobgoblin zombies (Ossuary)
  A jackal skeleton (D:4)
  A kobold zombie (Ossuary)
  2 orc skeletons (Ossuary)
  An orc zombie (Ossuary)
  6 briar patches (Swamp:2)
1055 creatures vanquished.

Vanquished Creatures (collateral kills)
  Vashnia (Snake:4)
  The ghost of Zekaos the Thaumaturge, an adept GnCj of Sif Muna (Snake:3)
  A shambling mangrove (Swamp:2)
  A thrashing horror (Swamp:4)
  An orc sorcerer (Orc:1)
  3 elephants (Lair:6)
  An orange demon (Swamp:4)
  An ice devil (IceCv)
  3 spectral nagas (Snake:3)
  A hornet (Swamp:2)
  A dire elephant simulacrum (IceCv)
  A yak (Lair:4)
  A warg (Orc:2)
  A naga (Snake:4)
  4 orc warriors
  An ogre (Orc:1)
  4 gnolls (Bailey)
  5 orcs
32 creatures vanquished.

Vanquished Creatures (others)
  3 bloated husks
  An air elemental (D:12)
  A water elemental (D:12)
  A human (Swamp:1)
  2 orcs (Orc:2)
  16 foxfires (Swamp:4)
  19 fungi
  39 plants
82 creatures vanquished.

Grand Total: 1169 creatures vanquished

Notes
Turn   | Place    | Note
-------+----------+-------------------------------------------
     0 | D:1      | cbfl8 the Minotaur Berserker began the quest for the Orb.
     0 | D:1      | Reached XP level 1. HP: 19/19 MP: 0/0
   836 | D:1      | Reached XP level 2. HP: 27/27 MP: 1/1
   867 | D:1      | Found a faded altar of an unknown god.
  1324 | D:2      | Reached XP level 3. HP: 19/34 MP: 2/2
  1742 | D:2      | Reached ** piety under Trog
  2004 | D:2      | Identified the +11 dagger of Distraction {drain, rF+ Int+2
                  | Dex+2}
  2336 | D:3      | Noticed Natasha
  2343 | D:3      | Killed Natasha
  2344 | D:3      | Reached XP level 4. HP: 37/41 MP: 3/3
  2428 | D:3      | Noticed Natasha
  2433 | D:3      | Killed Natasha
  2434 | D:3      | Reached skill level 1 in Long Blades
  2443 | D:3      | Noticed Natasha
  2444 | D:3      | Noticed Robin
  2450 | D:3      | Killed Robin
  2453 | D:3      | Reached XP level 5. HP: 47/47 MP: 4/4
  2453 | D:3      | Killed Natasha
  2454 | D:3      | Reached skill level 1 in Shields
  2456 | D:3      | Reached skill level 1 in Short Blades
  2647 | D:3      | Found the +7 staff of the Meek {protect, meekguard}
  3006 | D:3      | Reached *** piety under Trog
  3037 | D:4      | Noticed an ogre
  3044 | D:4      | Killed an ogre
  3045 | D:4      | Reached skill level 1 in Stealth
  3045 | D:4      | Reached skill level 2 in Shields
  3045 | D:4      | Reached XP level 6. HP: 55/55 MP: 5/5
  3270 | D:4      | Reached skill level 5 in Armour
  3395 | D:4      | Reached XP level 7. HP: 57/60 MP: 6/6
  3438 | D:4      | Reached skill level 5 in Fighting
  3438 | D:4      | Reached skill level 3 in Shields
  3846 | D:4      | Found a white marble altar of Elyvilon.
  3892 | D:4      | Noticed Edmund
  3907 | D:4      | Killed Edmund
  4559 | D:4      | Found Boutum's Antique Armour Boutique.
  4866 | D:4      | Found a radiant altar of Vehumet.
  4866 | D:4      | Found a burning altar of Makhleb.
  5001 | D:5      | Entered Level 5 of the Dungeon
  5038 | D:5      | Reached XP level 8. HP: 68/68 MP: 7/7
  5181 | D:5      | Reached skill level 4 in Shields
  5221 | D:5      | Found an iron altar of Okawaru.
  5235 | D:5      | Reached skill level 5 in Short Blades
  5255 | D:5      | Reached skill level 5 in Shields
  5255 | D:5      | Reached XP level 9. HP: 75/75 MP: 8/8
  5351 | D:5      | Found a sand-covered staircase.
  5364 | Ossuary  | Entered an ossuary
  5516 | Ossuary  | Reached **** piety under Trog
  6115 | D:5      | Found a runed translucent door.
  6116 | D:5      | Noticed Crazy Yiuf
  6403 | D:5      | Killed Crazy Yiuf
  6404 | D:5      | Reached skill level 6 in Shields
  6571 | D:6      | Found a staircase to the Ecumenical Temple.
  7096 | D:6      | Found a sparkling altar of Nemelex Xobeh.
  7253 | D:6      | Found a stormy altar of Qazlal.
  7374 | Temple   | Entered the Ecumenical Temple
  7872 | D:6      | Found a shimmering blue altar of Sif Muna.
  7887 | D:6      | Found a blossoming altar of Fedhas.
  8001 | D:7      | Noticed Pikel
  8013 | D:7      | Killed Pikel
  8014 | D:7      | Reached XP level 10. HP: 75/86 MP: 9/9
  8582 | D:7      | Noticed Menkaure
  8592 | D:7      | Killed Menkaure
  8774 | D:7      | Found a shadowy altar of Dithmenos.
  8877 | D:7      | Reached skill level 1 in Unarmed Combat
  9309 | D:8      | Noticed a manticore
  9321 | D:8      | Killed a manticore
  9322 | D:8      | Reached skill level 7 in Shields
  9414 | D:8      | Found a flagged portal.
  9424 | Bailey   | Entered a bailey
  9767 | Bailey   | Reached ***** piety under Trog
  9891 | Bailey   | Reached skill level 5 in Dodging
 10152 | D:8      | Found Piarph Myab's Hydra Hut.
 10159 | D:8      | Noticed a four-headed hydra
 10165 | D:8      | Bought a +2 battleaxe of flaming for 237 gold pieces
 10661 | D:9      | Reached skill level 10 in Armour
 10682 | D:9      | Noticed a centaur warrior
 10691 | D:9      | Killed a centaur warrior
 10692 | D:9      | Reached skill level 8 in Shields
 11391 | D:9      | Reached skill level 9 in Shields
 11391 | D:9      | Reached XP level 11. HP: 49/94 MP: 10/10
 11628 | D:9      | Found a staircase to the Lair.
 11752 | D:10     | Entered Level 10 of the Dungeon
 12068 | D:10     | Found a glowing golden altar of the Shining One.
 12310 | D:10     | Found a staircase to the Orcish Mines.
 12318 | D:10     | Identified a scroll of acquirement
 12582 | D:10     | Noticed Snorg
 12591 | D:10     | Killed Snorg
 12592 | D:10     | Reached skill level 10 in Shields
 13052 | Lair:1   | Entered Level 1 of the Lair of Beasts
 13052 | Lair:1   | Noticed an oklob plant
 13052 | Lair:1   | Found a white marble altar of Elyvilon.
 13059 | Lair:1   | Killed an oklob plant
 13539 | Lair:1   | Noticed a four-headed hydra
 13546 | Lair:1   | Killed a four-headed hydra
 13547 | Lair:1   | Reached skill level 11 in Shields
 14492 | Lair:2   | Noticed a six-headed hydra
 14499 | Lair:2   | Reached XP level 12. HP: 93/106 MP: 11/11
 14506 | Lair:1   | Killed a six-headed hydra
 14514 | Lair:1   | Received a gift from Trog
 15090 | Lair:2   | You are sucked into a shaft and drop 1 floor!
 15097 | Lair:3   | Reached skill level 10 in Fighting
 15155 | Lair:3   | Reached skill level 12 in Shields
 18072 | Lair:4   | Noticed a seven-headed hydra
 18085 | Lair:4   | Killed a seven-headed hydra
 18457 | Lair:4   | Reached skill level 13 in Shields
 18732 | Lair:4   | Found a staircase to the Swamp.
 19571 | Lair:4   | Found a staircase to the Snake Pit.
 20223 | Lair:5   | Reached XP level 13. HP: 97/116 MP: 12/12
 20566 | Lair:5   | Found a staircase to the Slime Pits.
 20994 | Lair:5   | Identified the +5 scale mail of Negligence {Dex+3}
 21407 | Lair:6   | Entered Level 6 of the Lair of Beasts
 21449 | Lair:6   | Reached skill level 14 in Shields
 21649 | Lair:6   | Found a blossoming altar of Fedhas.
 21740 | Lair:6   | Reached skill level 15 in Shields
 21853 | Lair:6   | Found a runed translucent door.
 21938 | Lair:6   | Reached skill level 15 in Armour
 22305 | Lair:6   | Paralysed by a hornet for 2 turns
 23271 | Lair:6   | Reached skill level 16 in Shields
 23774 | Orc:1    | Entered Level 1 of the Orcish Mines
 24082 | Orc:2    | Entered Level 2 of the Orcish Mines
 24107 | Orc:2    | Found a frozen archway.
 24121 | IceCv    | Entered an ice cave
 25591 | Orc:2    | Found a bloodstained altar of Trog.
 25710 | Orc:2    | Reached skill level 5 in Axes
 25737 | Orc:2    | Found a staircase to the Elven Halls.
 26215 | Orc:2    | Reached XP level 14. HP: 74/127 MP: 13/13
 26901 | Orc:2    | Noticed an orc warlord
 26926 | Orc:2    | Found Pananor's Book Shop.
 28396 | Orc:2    | Found Visoy's Antique Weapon Shoppe.
 28401 | Orc:2    | Found Kanuasil's Antique Armour Emporium.
 28419 | Orc:2    | Bought a shiny plate armour for 988 gold pieces
 28485 | Orc:2    | Killed an orc warlord
 28763 | Orc:2    | Found Anarriunn's Weapon Emporium.
 29451 | D:11     | Found Eruhigou's Firing Range.
 30412 | D:12     | Found a flickering gateway to a bazaar.
 30418 | Bazaar   | Entered a bazaar
 30432 | Bazaar   | Found Cawied Xulo's Weapon Shoppe.
 30463 | Bazaar   | Found Daddeyf's Distillery.
 30463 | Bazaar   | Found Serghut's Assorted Antiques.
 30477 | Bazaar   | Bought a potion of invisibility for 96 gold pieces
 30477 | Bazaar   | Bought a potion of heal wounds for 60 gold pieces
 30490 | Bazaar   | Found Ecolalul's Weapon Emporium.
 30517 | Bazaar   | Found Taalet's Antique Weapon Emporium.
 31806 | D:12     | Reached skill level 17 in Shields
 33338 | D:12     | Found a large runed translucent door.
 33338 | D:12     | Found a large runed translucent door.
 34335 | D:13     | Noticed Urug
 34335 | D:13     | Noticed Sonja
 34347 | D:13     | Killed Urug
 35379 | D:13     | Reached skill level 1 in Maces & Flails
 36064 | D:13     | Killed Sonja
 37533 | D:13     | Found a gate to the Vaults.
 38237 | D:14     | Reached skill level 1 in Polearms
 39595 | D:14     | Reached XP level 15. HP: 137/137 MP: 14/14
 40510 | D:15     | Entered Level 15 of the Dungeon
 41551 | D:15     | Found a staircase to the Depths.
 41838 | Swamp:1  | Entered Level 1 of the Swamp
 42377 | Swamp:1  | Noticed Kirke
 42573 | Swamp:1  | Reached skill level 10 in Dodging
 43044 | Swamp:1  | Reached skill level 15 in Fighting
 43937 | Swamp:1  | Killed Kirke
 45044 | Swamp:2  | Noticed a thorn hunter
 45056 | Swamp:2  | Killed a thorn hunter
 50035 | Swamp:3  | Reached XP level 16. HP: 146/151 MP: 15/15
 50613 | Swamp:3  | Reached skill level 10 in Axes
 51333 | Swamp:3  | Noticed Louise
 51363 | Swamp:3  | Killed Louise
 51709 | Swamp:4  | Entered Level 4 of the Swamp
 51780 | Swamp:4  | Noticed a tentacled monstrosity
 51793 | Swamp:4  | Killed a tentacled monstrosity
 54312 | Swamp:4  | Reached skill level 18 in Shields
 55661 | Swamp:4  | Got a decaying rune of Zot
 56109 | Snake:1  | Entered Level 1 of the Snake Pit
 56499 | Snake:1  | Found Xucuuc's Antique Weapon Emporium.
 56555 | Snake:1  | Noticed Nikola
 57031 | Snake:1  | Found Picymael's Antique Weapon Emporium.
 57034 | Snake:1  | Found Rueg Saa's Assorted Antiques.
 57036 | Snake:1  | Found Yttilir's Assorted Antiques.
 57060 | Snake:1  | Bought a scroll of blinking for 255 gold pieces
 57060 | Snake:1  | Bought a wand of flame (7) for 34 gold pieces
 57060 | Snake:1  | Bought a wand of iceblast (4) for 136 gold pieces
 57096 | Snake:1  | Killed Nikola
 57097 | Snake:1  | Reached skill level 1 in Evocations
 57939 | Orc:2    | Bought a glowing broad axe for 252 gold pieces
 59864 | Snake:2  | Found Afuss's Specific Store.
 59871 | Snake:2  | Found Afuurgh's General Store.
 61024 | Snake:2  | Reached XP level 17. HP: 157/162 MP: 16/16
 61611 | Snake:2  | Reached skill level 19 in Shields
 62215 | Snake:3  | Found a runed translucent gate.
 62215 | Snake:3  | Found a runed translucent gate.
 62219 | Snake:3  | Found a runed translucent gate.
 62221 | Snake:3  | Noticed Zekaos's ghost (adept GnCj)
 63985 | Snake:4  | Entered Level 4 of the Snake Pit
 64698 | Snake:4  | Found Oxueluop's Weapon Emporium.
 64795 | Snake:4  | Noticed Aizul
 64820 | Snake:4  | Killed Aizul
 65223 | Snake:4  | Noticed Bai Suzhen
 65291 | Snake:3  | Killed Zekaos's ghost
 65299 | Snake:3  | Identified the -1 helmet of the Sunfish {Rampage rF- Will-
                  | Str+6}
 65716 | Snake:4  | Found a large runed translucent door.
 65716 | Snake:4  | Found a large runed translucent door.
 65750 | Snake:4  | Killed Bai Suzhen
 66265 | Snake:4  | Reached skill level 5 in Stealth
 66265 | Snake:4  | Reached XP level 18. HP: 172/172 MP: 17/17
 66400 | Snake:4  | Noticed turdburglar's ghost (adept GnGl)
 66462 | Snake:4  | Killed turdburglar's ghost
 66622 | Snake:4  | Identified the +6 shortbow of the Piercing Seer {venom,
                  | rF+}
 67890 | Snake:4  | Noticed Vashnia
 68679 | Snake:4  | Killed Vashnia
 69180 | Snake:4  | Reached skill level 5 in Evocations
 69905 | Snake:4  | Reached skill level 20 in Shields
 70112 | Snake:4  | Got a serpentine rune of Zot
 70453 | Vaults:1 | Entered Level 1 of the Vaults
 71656 | D:13     | Reached XP level 19. HP: 173/181 MP: 18/18
 72737 | Vaults:1 | Found a huge runed gate.
 72737 | Vaults:1 | Found a huge runed gate.
 72737 | Vaults:1 | Found a huge runed gate.
 72737 | Vaults:1 | Found a huge runed gate.
 72737 | Vaults:1 | Found a huge runed gate.
 72737 | Vaults:1 | Found a huge runed gate.
 72737 | Vaults:1 | Found a huge runed gate.
 72738 | Vaults:1 | Found a huge runed gate.
 72738 | Vaults:1 | Found a huge runed gate.
 72738 | Vaults:1 | Found a huge runed gate.
 72747 | Vaults:1 | Found a huge runed gate.
 72747 | Vaults:1 | Found a huge runed gate.
 72747 | Vaults:1 | Found a huge runed gate.
 72747 | Vaults:1 | Found a huge runed gate.
 72747 | Vaults:1 | Found a huge runed gate.
 72749 | Vaults:1 | Found a huge runed gate.
 72750 | Vaults:1 | Found a huge runed gate.
 72751 | Vaults:1 | Found a huge runed gate.
 72752 | Vaults:1 | Found a huge runed gate.
 72760 | Vaults:1 | Found a huge runed gate.
 72760 | Vaults:1 | Found a huge runed gate.
 72760 | Vaults:1 | Found a huge runed gate.
 72760 | Vaults:1 | Found a huge runed gate.
 72760 | Vaults:1 | Found a huge runed gate.
 72830 | Vaults:1 | Found a huge runed gate.
 72831 | Vaults:1 | Found a huge runed gate.
 72832 | Vaults:1 | Found a huge runed gate.
 72833 | Vaults:1 | Found a huge runed gate.
 72841 | Vaults:1 | Found a huge runed gate.
 72841 | Vaults:1 | Found a huge runed gate.
 72841 | Vaults:1 | Found a huge runed gate.
 72841 | Vaults:1 | Found a huge runed gate.
 72841 | Vaults:1 | Found a huge runed gate.
 72842 | Vaults:1 | Found a huge runed gate.
 72843 | Vaults:1 | Found a huge runed gate.
 72844 | Vaults:1 | Found a huge runed gate.
 72853 | Vaults:1 | Noticed Kipt's ghost (adept SpFE)
 72853 | Vaults:1 | Noticed christhawk's ghost (adept MiHu)
 72853 | Vaults:1 | Noticed royokou's ghost (veteran MiFi)
 72853 | Vaults:1 | Noticed Adoajy's ghost (adept DsWr)
 72853 | Vaults:1 | Noticed Xafer's ghost (adept DsGl)
 72853 | Vaults:1 | Noticed Wueresid's ghost (adept DEWz)
 72853 | Vaults:1 | Noticed abarbat's ghost (adept MiBe)
 72853 | Vaults:1 | Noticed garrulousMonolith's ghost (veteran GnFi)
 73695 | Vaults:1 | Killed Wueresid's ghost
 73698 | Vaults:1 | Killed abarbat's ghost
 75364 | Vaults:1 | HP: 1/181 [royokou's ghost (35)]
 75364 | Vaults:1 | Mangled by royokou's ghost

Illustrated notes

Levels and vault maps discovered:
D:1:      sevenhm_arrival_forest_fort_small_5, layout_loops_ring,
          nicolae_ecumenical_snake_handling
D:2:      layout_loops_ring, minmay_misc_feat_nine_boxes
D:3:      layout_rooms, pf_guarded_unrand_meek, uniq_robin, uniq_natasha
D:4:      minmay_opposing_rooms, layout_basic,
          grunt_temple_overflow_lords_of_destruction, overflow_temple_1_default,
          serial_shops, nicolae_square_shop, st_stairs_9, uniq_edmund
D:5:      layout_basic, old_standard_altar, nicolae_ossuary_entry_monument,
          uniq_crazy_yiuf_cottage
D:6:      layout_basic, amethyst_overflow_temple_binary,
          mainiacjoe_overflow_chevrons, nemelex_spade_bored_becter,
          temple_pool_b
D:7:      layout_basic, mainiacjoe_overflow_catwalk, minmay_crystal_room,
          uniq_menkaure, uniq_pikel
D:8:      layout_cave_pools, enter_bailey_3,
          nicolae_concentric_dashed_squares_mild, doesnt_shop_hydraphobe
D:9:      layout_roguey [special_room_orc], erik_lair_dragon
D:10:     layout_roguey, tso_metal_star, orc_0_dummy, grunt_ministairs_8,
          uniq_snorg
D:11:     layout_basic, nicolae_shop_firing_range
D:12:     layout_roguey, serial_shops, bzr_entry_safe, lightli_elemental_guards
D:13:     layout_loops_corners, erik_vaults_1, minivault_19, st_stairs_5,
          uniq_urug, uniq_sonja
D:14:     layout_roguey [special_room_orc], minmay_misc_feat_columns,
          minmay_librarian
D:15:     grunt_enter_depths_magical_seal, layout_basic,
          nicolae_figureground_sparkle
Temple:   minmay_temple_bridge_abc
Lair:1:   layout_chaotic_city, lemuel_oklob_altar
Lair:2:   layout_hall_layers, serial_bayou_ford_a, infiniplex_staircase_pool
Lair:3:   layout_regular_city, lemuel_fruit_tree
Lair:4:   layout_big_grid, skrybe_swamp_entry_bodies,
          guppyfry_snake_entry_island
Lair:5:   layout_roguey, minmay_slime_entry_pillars,
          cheibrodos_lair_reptile_den, infiniplex_staircase_pool_2
Lair:6:   wormcave, layout_gridlike, basic_altar
Swamp:1:  layout_basic_swamp, nicolae_swamp_little_tower, swamp_pool5,
          nicolae_swamp_oklob_treasure_island, uniq_kirke
Swamp:2:  layout_falls_marsh, evilmike_swamp_ruin_rubble_2
Swamp:3:  layout_basic_swamp, nicolae_swamp_stair_fork, swamp_pool5,
          nicolae_swamp_nymph_family_reunion, uniq_louise
Swamp:4:  swamp_vile, layout_basic_swamp
Snake:1:  layout_concentric_octagons, serial_shops, nicolae_diamond_shop,
          minmay_shop_star, uniq_nikola
Snake:2:  layout_rooms, nicolae_specific_store, serial_bayou_shore_a
Snake:3:  layout_onion, gammafunk_ghost_necromancy
Snake:4:  grunt_snake_rune_serpentine_throne, layout_cave_town,
          ebering_ghost_disaster_area, serial_shops, shop, uniq_aizul,
          uniq_bai_suzhen
Orc:1:    layout_caves
Orc:2:    grunt_orc_community_town_hall, layout_diamond_mine,
          grunt_orc_community_big_house_1, grunt_orc_community_big_house_1,
          grunt_orc_community_house_1, grunt_orc_community_house_3,
          grunt_orc_community_house_2, grunt_orc_community_house_1,
          grunt_orc_community_house_1, basic_altar,
          portal_ice_cave_entry_pillars_1, nicolae_orc_bridge_out
Vaults:1: gammafunk_ghost_door_vault, vaults_dpeg_cross, hangedman_vaults_hat,
          hangedman_vaults_unwind, special_room_vaults [special_room_orc],
          hangedman_vaults_nodes, hangedman_vaults_snaps, v_misc_19,
          nicolae_vaults_little_squares_1, v_misc_19, ontoclasm_vaults_eye,
          vaults_room_corners, layout_vaults_ring
Vaults:2: minmay_crypt_entry_simple_plaza, v_misc_19,
          hangedman_vaults_stretched_pinwheel, grunt_vaults_bifocal,
          vaults_room_corners, v_alt_pattern_5, hangedman_vaults_variations,
          ontoclasm_vaults_pinch, ontoclasm_vaults_twist,
          vaults_dpeg_encased_lava, layout_vaults_omnicross

Skill      XL: |  1  2  3  4  5  6  7  8  9 10 11 12 13 14 15 16 17 18 19 |
---------------+----------------------------------------------------------+-----
Axes           | 4 5 7 9 10 12 13 | 13.9
Fighting       | 4 5 6 7 8 9 11 12 13 16 17 18 | 18.9
Armour         | 3 4 5 6 7 9 10 12 14 15 16 17 | 17.9
Long Blades    | 1 2 3 |  3.7
Shields        | 2 3 5 6 9 11 13 16 17 18 19 20 | 20.5
Short Blades   | 1 2 4 6 8 9 |  9.8
Stealth        | 1 2 3 4 5 |  5.1
Dodging        | 3 4 5 6 8 9 10 11 12 | 12.0
Unarmed Combat | 1 |  1.4
Maces & Flails | 1 2 |  2.9
Polearms       | 1 4 |  4.6
Evocations     | 2 4 5 6 |  6.1

Action                   |  1- 3 |  4- 6 |  7- 9 | 10-12 | 13-15 | 16-18 | 19-21 || total
-------------------------+-------+-------+-------+-------+-------+-------+-------++-------
Melee: Hand axe          |    48 |       |       |       |       |       |       ||    48
       Headbutt          |     7 |     9 |    45 |   162 |   420 |   402 |    53 ||  1098
       Long sword        |    23 |       |       |       |       |       |       ||    23
       Dagger            |    16 |    62 |   240 |   710 |  1287 |   551 |       ||  2866
       Unarmed           |       |       |     4 |     9 |       |       |       ||    13
       Battleaxe         |       |       |       |       |   141 |       |       ||   141
       Punch             |       |       |       |       |    18 |       |       ||    18
       Halberd           |       |       |       |       |   106 |       |       ||   106
       Great mace        |       |       |       |       |     9 |       |       ||     9
       Broad axe         |       |       |       |       |       |   849 |   177 ||  1026
       Glaive            |       |       |       |       |       |       |     3 ||     3
Invok: Berserk           |       |     2 |     2 |     7 |    28 |    18 |     3 ||    60
       Trog's Hand       |       |       |     1 |     1 |     5 |     7 |     4 ||    18
       Brothers in Arms  |       |       |       |     3 |    11 |     7 |     4 ||    25
Evoke: Wand              |       |       |       |       |     4 |     4 |     3 ||    11
  Use: Scroll            |       |       |     8 |    13 |    30 |    13 |     7 ||    71
       Potion            |       |       |       |     7 |     8 |    12 |     4 ||    31
 Stab: Confused          |       |       |       |     2 |       |       |       ||     2
       Distracted        |       |       |       |       |     1 |     1 |       ||     2
       Sleeping          |       |       |       |       |     1 |     1 |       ||     2
Armor: Ring mail         |    18 |       |       |       |       |       |       ||    18
       Chain mail        |    20 |    25 |    91 |   176 |    15 |       |       ||   327
       Plate armour      |       |       |     8 |       |       |       |       ||     8
       Skin              |       |       |       |     2 |       |       |       ||     2
       Scale mail        |       |       |       |       |   443 |   341 |    55 ||   839
Dodge: Dodged            |    48 |    40 |   106 |   290 |   976 |   501 |    50 ||  2011
Block: Kite shield       |    20 |    25 |    89 |   391 |   360 |    29 |       ||   914
       Tower shield      |       |       |       |       |       |  1710 |   231 ||  1941
